 Dungeon Crawl Stone Soup version 0.27-a0-906-g0a00ce863d (webtiles) character file.

Game seed: 10837194346927550682

10366 robertstho the Protected (level 11, -9/153 (156) HPs)
             Began as a Minotaur Berserker on Apr 7, 2021.
             Was a High Priest of Trog.
             Killed from afar by a hellion (25 damage)
             ... with damnation
             ... on level 1 of the Abyss.
             The game lasted 00:14:08 (11484 turns).

robertstho the Protected (Minotaur Berserker)      Turns: 11484, Time: 00:14:09

HP:   -9/153 (156)  AC: 19    Str: 24    XL:     11   Next: 35%
MP:   10/10         EV: 13    Int:  5    God:    Trog [*****.]
Gold: 530           SH:  0    Dex: 10    Spells: 10/10 levels left

rFire    . . .     SeeInvis .   z - +2 battleaxe (vorpal)
rCold    . . .     Faith    .   (shield currently unavailable)
rNeg     . . .     Spirit   .   b - +0 plate armour
rPois    .         Reflect  .   (helmet restricted)
rElec    .         Harm     .   a - +0 cloak
rCorr    .         Rampage  .   C - +0 pair of gloves
Will     .....                  (no boots)
Stlth    ..........             (no amulet)
HPRegen  0.35/turn              c - +4 ring of evasion
MPRegen  0.12/turn              (no ring)

@: berserking, lightly drained, very quick
A: horns 2, retaliatory headbutt
a: Renounce Religion, Berserk, Trog's Hand, Brothers in Arms


You were on level 1 of the Abyss.
You worshipped Trog.
Trog was extremely pleased with you.
You visited 1 branch of the dungeon, and saw 10 of its levels.
You visited the Abyss 1 time.
You also visited: Sewer.

You collected 635 gold pieces.
You spent 105 gold pieces at shops.

Inventory:

Hand Weapons
 x - a +0 war axe
 z - a +2 vorpal battleaxe (weapon)
Missiles
 u - 13 throwing nets
Armour
 a - a +0 cloak (worn)
 b - a +0 plate armour (worn)
 C - a +0 pair of gloves (worn)
Jewellery
 c - a +4 ring of evasion (left hand)
Scrolls
 d - 3 scrolls of teleportation
 f - 4 scrolls of blinking
 h - a scroll of summoning {unknown}
 l - a scroll of magic mapping {unknown}
 m - 5 scrolls of fog {unknown}
 o - 5 scrolls of immolation {unknown}
 p - a scroll of torment {unknown}
 v - a scroll of vulnerability {unknown}
 w - a scroll of amnesia {unknown}
 y - a scroll of fear
 A - a scroll of enchant weapon {unknown}
 D - a scroll of holy word {unknown}
Potions
 e - a potion of attraction
 g - a potion of lignification
 i - 4 potions of magic
 j - a potion of mutation {unknown}
 k - a potion of curing
 n - 3 potions of flight
 q - 2 potions of berserk rage {unknown}
 r - a potion of ambrosia
 s - 2 potions of cancellation
 t - a potion of heal wounds {unknown}
 B - a potion of invisibility {unknown}


   Skills:
 * Level 11.9 Fighting
 + Level 12.0 Axes
 * Level 13.0 Armour
 + Level 4.2 Dodging


You had 10 spell levels left.
You didn't know any spells.
Your spell library was empty.

Dungeon Overview and Level Annotations

Branches:
Dungeon (10/15)            Temple (0/1) D:5             Orc (0/2) D:9
  Sewer (visited)
   Lair: D:8-11

Altars:
Cheibriados
Fedhas
Nemelex Xobeh
Okawaru
Qazlal
The Shining One
Beogh

Shops:
D:3 *   D:4 (   D:10 (

Annotations:
D:10 Sonja


Innate Abilities, Weirdness & Mutations

You have a pair of horns on your head.
You reflexively headbutt those who attack you in melee.


Message History

You are suddenly pulled into a different region of the Abyss!
Unknown command.
You start resting.
You feel the effects of Trog's Hand fading.
You start resting.
Your skin stops crawling.
You feel less strong-willed.
You start resting.
A large abomination comes into view.
A large abomination is nearby!
You slice the large abomination!!
The large abomination is heavily damaged.
You slash the large abomination! You headbutt the large abomination.
The large abomination is almost destroyed.
The large abomination hits you!!
A hellion comes into view.
You are too injured to fight recklessly!
You are too injured to fight recklessly!
You are too injured to fight recklessly!
The large abomination hits you!!
* * * LOW HITPOINT WARNING * * *
You feel better.
A worldbinder comes into view.
The worldbinder calls forth creatures from the Snake Pit!
Unknown command.
A red film seems to cover your vision as you go berserk!
You feel yourself moving faster!
You feel mighty!
The worldbinder calls forth creatures from the Snake Pit!
The large abomination hits you!
* * * LOW HITPOINT WARNING * * *
Unknown command.
You slash the large abomination!
You destroy the large abomination!
Trog accepts your kill. The hellion gestures at you.
The sphere of damnation explodes!
The damnation engulfs you!!
* * * LOW HITPOINT WARNING * * *
Unknown command.
The hellion gestures at you.
The sphere of damnation explodes!
The damnation engulfs you!!
You die...

. ..## #.. .#
.#. . # #.. ..
#.. #.#
#.#..##. .. ...
#.#N.#..#. ....
#.S#.#...#..#.#
#.S.##........
#.2#..#####.#
#@.#...#
#.#####.... ###
..


You could see 2 black mambas, a hellion and a naga (summoned).

Vanquished Creatures
  Erolcha (D:9)
  An orc sorcerer (Abyss:1)
  A hellwing (Abyss:1)
  An ancient zyme (Abyss:1)
  3 trolls
  2 large abominations (Abyss:1)
  4 yaks (D:10)
  A wraith (D:10)
  A wyvern (D:9)
  Grum (D:9)
  A neqoxec (Abyss:1)
  A steam dragon (D:8)
  Menkaure (D:5)
  Edmund (D:5)
  4 orc warriors
  An ice beast (D:7)
  A black bear (D:7)
  A hornet zombie (D:8)
  A necrophage (D:8)
  A sky beast (D:7)
  6 ogres
  4 wolves (D:9)
  A centaur (D:10)
  6 kobold brigands
  3 bullfrogs
  4 gnoll sergeants (D:5)
  A scorpion (D:5)
  12 killer bees
  4 wights (D:6)
  A howler monkey (D:6)
  2 centaur zombies
  2 small abominations (Abyss:1)
  11 orc priests
  4 gnoll shamans (D:5)
  2 jellies
  3 hounds
  A centaur skeleton (D:6)
  3 bullfrog skeletons
  Ijyb (D:5)
  11 orc wizards
  2 howler monkey zombies
  11 adders
  16 gnolls (D:5)
  4 river rats
  2 white imps
  3 ufetubi
  9 worms
  3 dart slugs
  34 orcs
  8 bats
  9 endoplasms
  2 giant cockroaches (D:3)
  5 goblins
  4 hobgoblins
  11 jackals
  2 quokkas
  5 ball pythons
  2 frilled lizards
  15 kobolds
  4 rats
262 creatures vanquished.

Vanquished Creatures (collateral kills)
  A tentacled starspawn (Abyss:1)
  2 raiju (Abyss:1)
  A large abomination (Abyss:1)
4 creatures vanquished.

Vanquished Creatures (others)
  2 starspawn tentacles (Abyss:1)
2 creatures vanquished.

Grand Total: 268 creatures vanquished

Notes
Turn   | Place    | Note
-------+----------+-------------------------------------------
     0 | D:1      | robertstho the Minotaur Berserker began the quest for the
                  | Orb.
     0 | D:1      | Reached XP level 1. HP: 19/19 MP: 0/0
   268 | D:1      | Found a faded altar of an unknown god.
   316 | D:1      | Reached XP level 2. HP: 20/27 MP: 1/1
   500 | D:1      | Reached ** piety under Trog
   709 | D:2      | Reached XP level 3. HP: 34/34 MP: 2/2
   976 | D:2      | You fall into a shaft and drop 1 floor!
  1254 | D:3      | Reached skill level 3 in Armour
  1290 | D:3      | Found a glowing drain.
  1294 | Sewer    | Entered a sewer
  1362 | Sewer    | Noticed a kobold brigand
  1374 | Sewer    | Killed a kobold brigand
  1375 | Sewer    | Reached skill level 5 in Fighting
  1375 | Sewer    | Reached XP level 4. HP: 22/42 MP: 3/3
  1590 | Sewer    | Reached XP level 5. HP: 48/48 MP: 4/4
  1619 | Sewer    | Reached skill level 5 in Axes
  1619 | Sewer    | Reached skill level 4 in Armour
  1832 | Sewer    | Reached XP level 6. HP: 31/56 MP: 5/5
  2205 | Sewer    | Reached *** piety under Trog
  2467 | Sewer    | Reached skill level 5 in Armour
  2661 | D:3      | Found Pufuf's Assorted Antiques.
  2666 | D:3      | Bought a glowing ruby amulet for 105 gold pieces
  3201 | D:4      | Found a stormy altar of Qazlal.
  3237 | D:4      | Reached XP level 7. HP: 63/63 MP: 6/6
  3276 | D:4      | Found Hisiapeg's Weapon Shoppe.
  3541 | D:4      | Reached skill level 6 in Armour
  3589 | D:4      | Found a snail-covered altar of Cheibriados.
  3938 | D:5      | Entered Level 5 of the Dungeon
  3938 | D:5      | Noticed Ijyb
  3938 | D:5      | Noticed Menkaure
  3944 | D:5      | Killed Ijyb
  3945 | D:5      | Killed Menkaure
  4007 | D:5      | Reached **** piety under Trog
  4472 | D:5      | Reached skill level 7 in Armour
  4472 | D:5      | Reached XP level 8. HP: 71/71 MP: 7/7
  4942 | D:5      | Reached skill level 8 in Armour
  5230 | D:5      | Found an iron altar of Okawaru.
  5258 | D:5      | Noticed Edmund
  5269 | D:5      | Killed Edmund
  5319 | D:5      | Found a staircase to the Ecumenical Temple.
  5542 | D:6      | Reached XP level 9. HP: 41/81 MP: 8/8
  5569 | D:5      | Found a glowing golden altar of the Shining One.
  6207 | D:6      | Reached skill level 9 in Armour
  6208 | D:6      | Reached ***** piety under Trog
  7571 | D:7      | Identified the +9 dagger "Voazocy" {venom, +Blink rC+
                  | Will+}
  7752 | D:7      | Reached skill level 10 in Armour
  8181 | D:7      | Found a sparkling altar of Nemelex Xobeh.
  8532 | D:8      | Reached skill level 10 in Axes
  8544 | D:8      | Reached XP level 10. HP: 78/93 MP: 9/9
  8552 | D:8      | Reached skill level 10 in Fighting
  9151 | D:9      | Reached skill level 11 in Armour
  9435 | D:9      | Found a staircase to the Orcish Mines.
  9444 | D:9      | Noticed Grum
  9457 | D:9      | Killed Grum
  9815 | D:9      | Received a gift from Trog
  9906 | D:9      | Noticed Erolcha
 10404 | D:9      | Killed Erolcha
 10673 | D:10     | Entered Level 10 of the Dungeon
 10675 | D:10     | Found a blossoming altar of Fedhas.
 10771 | D:10     | Found Emimimio's Antique Weapon Boutique.
 10786 | D:10     | Reached skill level 12 in Armour
 11159 | D:10     | Noticed Sonja
 11170 | D:10     | Cast into level 1 of the Abyss (Sonja)
 11172 | Abyss:1  | HP: 4/96 [poisoned by Sonja (curare-tipped dart)]
 11238 | Abyss:1  | Noticed an orc sorcerer
 11241 | Abyss:1  | Paralysed by an orc sorcerer for 3 turns
 11246 | Abyss:1  | Killed an orc sorcerer
 11247 | Abyss:1  | Reached XP level 11. HP: 94/102 MP: 10/10
 11350 | Abyss:1  | Noticed a tentacled starspawn
 11353 | Abyss:1  | Killed a tentacled starspawn
 11367 | Abyss:1  | Noticed a dread lich
 11368 | Abyss:1  | Noticed a blizzard demon
 11372 | Abyss:1  | Reached skill level 13 in Armour
 11374 | Abyss:1  | Noticed a green death
 11484 | Abyss:1  | Killed from afar by a hellion

Illustrated notes

Levels and vault maps discovered:
D:1:      matt_arrival_refuge, layout_basic,
          ebering_ecumenical_altar_sacrificial
D:2:      layout_loops_corners, lexackson_kobold_supper
D:3:      layout_loops_ring, serial_shops, shop, gup_sewer_entry_spiral,
          kennysheep_orc_chapel
D:4:      layout_loops_ring, lemuel_tele_altar, lemuel_doored_altar,
          serial_shops, nicolae_shop_crystal
D:5:      layout_cave_pools, nicolae_overflow_hidden_temple,
          minmay_temple_entry_statues, serial_gnoll_camp, gnoll_camp_mini_hut,
          gnoll_camp_mini_hut, gnoll_camp_medium_02, gnoll_camp_mini_hut,
          gnoll_camp_huts_basic, gnoll_camp_mini_hut, nicolae_underground_beach,
          uniq_edmund, uniq_ijyb, uniq_menkaure
D:6:      layout_loops_ring, hangedman_glass_teeth, lightli_minifort
D:7:      layout_loops_corners, nemelex_dance_club_becter,
          kennysheep_generic_room_9
D:8:      layout_rooms
D:9:      layout_irregular_city, orc_0_dummy, uniq_erolcha, uniq_grum
D:10:     layout_big_octagon, fedhas_altar_2, serial_shops, shop,
          grunt_ogre_cave, uniq_sonja
Abyss:1:  base:
D:2

Skill      XL: |  1  2  3  4  5  6  7  8  9 10 11 |
---------------+----------------------------------+-----
Fighting       | 4 5 6 8 9 11 | 11.9
Axes           | 4 5 6 7 8 10 11 12 | 12.0
Armour         | 3 4 5 7 8 10 12 13 | 13.0
Dodging        | 3 4 |  4.2

Action                   |  1- 3 |  4- 6 |  7- 9 | 10-12 || total
-------------------------+-------+-------+-------+-------++-------
Melee: Hand axe          |    91 |   133 |   390 |    67 ||   681
       Headbutt          |    10 |    13 |    79 |    41 ||   143
       Battleaxe         |       |       |       |    97 ||    97
       War axe           |       |       |       |    21 ||    21
Invok: Berserk           |       |     4 |     8 |     6 ||    18
       Trog's Hand       |       |       |       |     2 ||     2
       Brothers in Arms  |       |       |       |     2 ||     2
  Use: Scroll            |       |       |     8 |     4 ||    12
       Potion            |       |       |       |     5 ||     5
Armor: Animal skin       |     3 |       |       |       ||     3
       Scale mail        |    18 |    27 |    39 |       ||    84
       Chain mail        |       |       |    63 |       ||    63
       Plate armour      |       |       |    33 |   109 ||   142
Dodge: Dodged            |    59 |    83 |   242 |   158 ||   542

Table legend: (Time is in decaauts)
 A = Elapsed time spent in this place.
 B = Non-inter-level travel time spent in this place.
 C = Inter-level travel time spent in this place.
 D = Time resting spent in this place.
 E = Time spent auto-exploring this place.
 F = Levels seen in this place.
 G = Mean time per level.
                   A        B        C        D        E       F      G
               +--------+--------+--------+--------+--------+-----+--------+
         Total |  11811 |  11375 |    436 |    871 |   8611 |  12 |  984.2 |
       Dungeon |  10034 |   9598 |    436 |    756 |   7411 |  10 | 1003.4 |
         Abyss |    362 |    362 |      0 |    115 |     46 |   1 |  362.0 |
         Sewer |   1414 |   1414 |      0 |      0 |   1153 |   1 | 1414.0 |
               +--------+--------+--------+--------+--------+-----+--------+

Top non-repeatable levels by time:
     D:5: 1872 daAuts
   Sewer: 1414 daAuts
     D:7: 1359 daAuts
     D:9: 1331 daAuts
     D:6: 1228 daAuts
     D:8: 926 daAuts
     D:4: 918 daAuts
     D:3: 905 daAuts
     D:1: 695 daAuts
    D:10: 511 daAuts
 Abyss:1: 362 daAuts
     D:2: 285 daAuts
